 Dungeon Crawl Stone Soup version 0.20.1-1-g8b1a95d (webtiles) character file.

76 manon the Firebug (level 4, -1/24 HPs)
             Began as a Gargoyle Fire Elementalist on Nov 12, 2017.
             Slain by a gnoll
             ... wielding a +0 flail
              (8 damage)
             ... on level 2 of the Dungeon.
             The game lasted 00:04:59 (1741 turns).

manon the Firebug (Gargoyle Fire Elementalist)      Turns: 1741, Time: 00:05:00

Health: -1/24      AC:  5    Str: 11    XL:     4   Next: 32%
Magic:  4/7        EV: 12    Int: 17    God:
Gold:   113        SH:  0    Dex: 10    Spells: 6/7 levels left

rFire    . . .     SeeInvis .   g - +0 dagger (curse)
rCold    . . .     Gourm    .   (no shield)
rNeg     + . .     Faith    .   a - +0 robe
rPois    ∞         Spirit   .   (no helmet)
rElec    +         Reflect  .   (no cloak)
rCorr    .         Harm     .   (no gloves)
MR       .....                  (no boots)
Stlth    ++........             (no amulet)
Regen    0.1/turn               (no ring)
MPRegen  0.1/turn               (no ring)

@: no status effects
A: negative energy resistance 1, electricity resistance, unbreathing,
petrification resistance, rot immunity, AC +3
a: no special abilities


You were on level 2 of the Dungeon.
You were very hungry.

You visited 1 branch of the dungeon, and saw 2 of its levels.

You collected 113 gold pieces.

Inventory:

Hand Weapons
 e - a +0 dagger of venom
 g - a cursed +0 dagger (weapon)
 j - a +0 hunting sling
Missiles
 d - 82 stones (quivered)
Armour
 a - a +0 robe (worn)
 m - a scarf of cloud immunity
Scrolls
 f - a scroll of teleportation
 l - 2 scrolls of fog
 n - a scroll of identify {unknown}
Potions
 h - a potion of resistance {unknown}
 i - a potion of magic {unknown}
Books
 b - a book of Flames

   Spells                             Type                      Level
   a - Flame Tongue                   Conjuration/Fire             1
   b - Throw Flame                    Conjuration/Fire             2
   c - Conjure Flame                  Conjuration/Fire             3
   d - Inner Flame                    Hexes/Fire                   3
   e - Sticky Flame                   Conjuration/Fire             4
   f - Fireball                       Conjuration/Fire             5
Comestibles
 c - a bread ration
 k - a royal jelly


   Skills:
 - Level 1.5 Dodging
 - Level 2.1 Stealth
 - Level 2.0 Spellcasting
 * Level 3.5 Conjurations
 + Level 3.8 Fire Magic


You had 6 spell levels left.
You knew the following spells:

 Your Spells              Type           Power        Failure   Level  Hunger
a - Flame Tongue          Conj/Fire      ##...        4%          1    #......


Dungeon Overview and Level Annotations

Branches:
Dungeon (2/15)

Altars:

Annotations:
D:2 exclusion: gnoll


Innate Abilities, Weirdness & Mutations

You are resistant to torment.
Your stone body is resilient. (AC +3)
You are immune to poison.
You resist negative energy. (rN+)
You are resistant to electric shocks. (rElec)
You can survive without breathing.
You are immune to petrification.
You are immune to rotting.


Message History

* * * LOW HITPOINT WARNING * * *
Okay, then.
Things that are here:
a spear; a gnoll corpse You see here a throwing net.
You see here a throwing net.
Things that are here:
a spear; a gnoll corpse You see here a throwing net.
You see here a throwing net.
The gnoll closely misses you.
Casting: Flame Tongue
Confirm with . or Enter, or press ? or * to list all spells.
Aiming: Flame Tongue
Press: ? - help, Shift-Dir - straight line, f/p - gnoll
Aim: a gnoll, wielding a flail (moderately wounded)
The flame tongue hits the gnoll.
The gnoll is heavily wounded.
The gnoll hits you with a flail!
You die...

#....# #.#### #####.# #.....#
#.##### #.# #.# ##.######
#.@g.K..# #.##.##.# ###.##.##.#
#############........K# ####
............>.#)##.##.##........
###############.##)##...........
# #..((...######... . #
####.##.........#.# #
###.##.######..#$#


You could see a gnoll and a kobold.

Vanquished Creatures
  3 gnolls (D:2)
  An adder (D:2)
  A dart slug (D:2)
  2 leopard geckos (D:1)
  3 bats (D:1)
  A giant cockroach (D:2)
  3 hobgoblins
  4 jackals (D:2)
  4 kobolds
  4 goblins
  4 rats
30 creatures vanquished.

Notes
Turn   | Place    | Note
-------+----------+-------------------------------------------
     0 | D:1      | manon the Gargoyle Fire Elementalist began the quest for the Orb.
     0 | D:1      | Reached XP level 1. HP: 10/10 MP: 3/3
   439 | D:1      | Reached XP level 2. HP: 13/15 MP: 5/5
  1227 | D:2      | Reached XP level 3. HP: 14/19 MP: 4/6
  1641 | D:2      | Reached XP level 4. HP: 20/24 MP: 0/7
  1741 | D:2      | Slain by a gnoll

Skill      XL: |  1  2  3 |
---------------+----------+-----
Conjurations   | 2 3 |  3.5
Dodging        | |  1.5
Stealth        | |  2.1
Spellcasting   | |  2.0
Fire Magic     | |  3.8

Action                   |  1- 3 |  4- 6 || total
-------------------------+-------+-------++-------
Melee: Dagger            |   111 |     2 ||   113
 Cast: Flame Tongue      |    25 |     7 ||    32
  Use: Scroll            |     3 |       ||     3
       Potion            |     2 |       ||     2
 Stab: Sleeping          |     2 |       ||     2
  Eat: Chunk             |     2 |       ||     2
Armor: Robe              |    37 |     2 ||    39
Dodge: Dodged            |   100 |     6 ||   106
